AoeStats
← GURU

Arena

509635858Analyzed
4v4 RM · 4d ago on Sep 27, 2026· 59m 26s· 8 players
Game mode
Random Map
Map size
Large (8 player)
Population
200
Speed
Normal
Resources
Standard
Victory
Conquest
Starting age
Dark Age
Ending age
Imperial Age
RankedLock teamsTeams togetherTeam positionsShared explorationLock speedFull tech treeHidden civsTurbo modeCheats
Victory
Defeat
🇨🇳 Teutons · China
669
+14
🇨🇳 Spanish · China
415
+24
🇨🇳 Franks · China
394
+45
🇨🇳 Ethiopians · China
337
+27
🇧🇷 Britons · Brazil
630
-23
🇨🇭 Cumans · Switzerland
630
-35
🇻🇳 Vietnamese · Vietnam
623
-23
🇹🇷 Persians · Türkiye
556
-21
FENERBAHCE
11:05 Feudal Age
19:19 Castle Age
21:12 Double-Bit Axe
21:12 Horse Collar
22:00 Gold Mining
22:04 Stone Mining
25:14 Bow Saw
25:06 Heavy Plow
25:47 Stone Shaft Mining
25:48 Gold Shaft Mining
28:29 Wheelbarrow
27:40 Town Watch
27:41 Loom
32:17 Imperial Age
30:03 Hand Cart
29:49 Town Patrol
32:14 Kamandaran
33:07 Elite War Elephant
35:50 Citadels
38:31 Forging
38:22 Scale Mail Armor
38:27 Scale Barding Armor
38:23 Padded Archer Armor
38:13 Fletching
39:56 Chemistry
40:40 Hoardings
39:35 Sappers
40:26 Conscription
41:52 Husbandry
41:12 Cavalier
46:12 Iron Casting
45:53 Chain Mail Armor
45:59 Chain Barding Armor
45:54 Leather Archer Armor
45:35 Bodkin Arrow
46:05 Ballistics
55:07 Plate Barding Armor
55:02 Plate Mail Armor
55:33 Blast Furnace
[SR] The Ares
5:54 Loom
9:05 Feudal Age
15:25 Double-Bit Axe
17:07 Horse Collar
22:50 Castle Age
27:08 Imperial Age
26:53 Scale Barding Armor
27:01 Forging
27:07 Bloodlines
27:16 Cavalier
29:19 Paladin
30:53 Chain Barding Armor
31:44 Bow Saw
32:50 Iron Casting
36:27 Plate Barding Armor
43:41 Blast Furnace
Midoriko
0:47 Loom
15:03 Feudal Age
22:13 Castle Age
22:10 Stone Mining
22:12 Gold Mining
22:34 Double-Bit Axe
23:08 Crossbowman
24:38 Squires
25:41 Murder Holes
26:15 Bow Saw
30:51 Padded Archer Armor
30:42 Fletching
30:54 Scale Mail Armor
31:08 Forging
37:50 Imperial Age
35:37 Pikeman
38:20 Ballistics
39:25 Chain Mail Armor
39:45 Iron Casting
39:56 Halberdier
GURU
1:08 Loom
11:42 Feudal Age
12:22 Double-Bit Axe
12:20 Horse Collar
13:17 Wheelbarrow
14:33 Gold Mining
19:30 Castle Age
18:54 Stone Mining
20:40 Bow Saw
21:03 Crossbowman
23:15 Elite Skirmisher
27:43 Heavy Plow
28:23 Fletching
34:41 Imperial Age
32:34 Scale Barding Armor
34:26 Chain Barding Armor
35:13 Hand Cart
36:40 Imperial Skirmisher
38:41 Two-Man Saw
41:52 Plate Barding Armor
42:09 Town Watch
43:47 Elite Battle Elephant
Gatherer
11:22 Feudal Age
12:21 Horse Collar
15:07 Castle Age
15:41 Double-Bit Axe
16:34 Bow Saw
17:31 Heavy Plow
25:23 Wheelbarrow
26:39 Loom
29:40 Imperial Age
27:27 Hand Cart
26:59 Town Watch
27:52 Stone Mining
27:52 Gold Mining
27:52 Stone Mining
27:52 Gold Mining
30:53 Forging
30:48 Scale Barding Armor
30:35 Fletching
30:37 Cavalier
31:28 Bloodlines
31:54 Chain Barding Armor
32:10 Iron Casting
32:38 Chemistry
31:37 Bodkin Arrow
35:16 Paladin
36:34 Plate Barding Armor
37:00 Blast Furnace
37:28 Guilds
38:24 Blast Furnace
38:03 Onager
39:02 Masonry
41:59 Conscription
41:45 Scale Mail Armor
41:30 Heavy Scorpion
48:35 Chain Mail Armor
48:24 Squires
49:15 Crenellations
50:26 Plate Mail Armor
49:38 Pikeman
50:04 Gambesons
52:49 Hoardings
54:24 Halberdier
55:18 Halberdier
57:18 Two-Man Saw
56:50 Crop Rotation
Alicization
11:13 Feudal Age
15:01 Castle Age
12:49 Double-Bit Axe
13:23 Horse Collar
16:35 Wheelbarrow
18:14 Hand Cart
20:57 Bow Saw
27:40 Imperial Age
25:33 Loom
27:19 Heavy Plow
28:46 Fervor
28:48 Forging
28:39 Scale Mail Armor
29:40 Chemistry
28:46 Siege Engineers
29:51 Two-Man Saw
30:22 Gold Mining
30:25 Stone Mining
31:11 Iron Casting
30:52 Chain Mail Armor
30:27 Fletching
32:51 Heavy Scorpion
33:35 Halberdier
34:16 Squires
34:01 Arson
35:21 Gold Shaft Mining
35:23 Stone Shaft Mining
36:00 Blast Furnace
35:31 Plate Mail Armor
34:56 Bodkin Arrow
39:17 Bracer
39:39 Ballistics
39:30 Masonry
39:15 Murder Holes
42:33 Architecture
42:14 Fortified Wall
42:56 Onager
51:55 Conscription
51:36 Royal Heirs
51:36 Torsion Engines
50:57 Elite Shotel Warrior
52:02 Caravan
52:53 Siege Onager
52:54 Capped Ram
56:06 Guilds
maymay
11:08 Feudal Age
15:01 Castle Age
12:59 Double-Bit Axe
21:19 Bow Saw
20:58 Horse Collar
24:14 Gold Mining
25:31 Wheelbarrow
24:45 Loom
26:21 Forging
26:17 Scale Barding Armor
29:59 Imperial Age
28:19 Iron Casting
27:50 Fletching
28:33 Husbandry
28:45 Bloodlines
28:46 Padded Archer Armor
29:05 Heavy Plow
29:35 Stone Mining
29:55 Bodkin Arrow
31:16 Supremacy
31:17 Conscription
31:45 Hand Cart
33:03 Two-Man Saw
31:59 Cavalier
32:43 Bracer
33:44 Blast Furnace
33:00 Leather Archer Armor
33:13 Chain Barding Armor
33:35 Herbal Medicine
34:38 Paladin
39:05 Arson
39:21 Squires
38:41 Pikeman
40:25 Chemistry
39:46 Ballistics
39:22 Murder Holes
39:38 Fortified Wall
39:13 Arrowslits
39:19 Guard Tower
41:34 Plate Barding Armor
41:00 Scale Mail Armor
43:34 Bombard Tower
43:02 Arrowslits
43:08 Guard Tower
43:30 Masonry
43:54 Ring Archer Armor
43:25 Scale Mail Armor
44:36 Light Cavalry
白卒石鬼
11:20 Feudal Age
14:43 Loom
17:49 Castle Age
25:28 Wheelbarrow
24:48 Double-Bit Axe
30:29 Gold Mining
30:30 Stone Mining
30:55 Bow Saw
35:02 Imperial Age
32:52 Hand Cart
34:22 Ordonnance Companies
36:25 Conscription
36:26 Forging
36:23 Scale Barding Armor
35:59 Light Cavalry
36:40 Husbandry
36:02 Cavalier
37:48 Iron Casting
38:20 Gold Shaft Mining
38:13 Chivalry
42:33 Paladin
45:01 Blast Furnace
44:24 Chain Barding Armor
Connection lost

Rejoining the realm…

Still unreachable

The connection could not be restored.

Session expired

The server has moved on; the page needs a fresh start.